 Dungeon Crawl Stone Soup version 0.27-a0-46-g34d46f0a3f (webtiles) character file.

Game seed: 15318285038079891317

118 Borgoz the Skirmisher (level 5, 0/47 HPs)
             Began as a Ghoul Monk on Jan 6, 2021.
             Slain by Grinder (7 damage)
             ... on level 5 of the Dungeon.
             The game lasted 00:02:32 (1728 turns).

Borgoz the Skirmisher (Ghoul Monk)                  Turns: 1728, Time: 00:02:33

Health: 0/47       AC: 10    Str: 13 (15) XL:     5   Next: 2%
Magic:  4/4        EV:  3    Int:  4 (5)  God:
Gold:   82         SH:  0    Dex:  8 (12) Spells: 4/4 levels left

rFire    . . .     SeeInvis .   a - +0 falchion
rCold    + . .     Faith    .   (no shield)
rNeg     + + +     Spirit   .   q - +0 plate armour
rPois    ∞         Reflect  .   (no helmet)
rElec    .         Harm     .   (no cloak)
rCorr    .         Rampage  .   (no gloves)
Will     .....                  (no boots)
Stlth    ..........             (no amulet)
HPRegen  0.00/turn              (no ring)
MPRegen  0.09/turn              (no ring)

@: no status effects
A: claws 1, cold resistance 1, negative energy resistance 3, inhibited
regeneration, torment resistance, unbreathing
a: no special abilities


You were on level 5 of the Dungeon.
You visited 1 branch of the dungeon, and saw 4 of its levels.

You collected 82 gold pieces.

Inventory:

Hand Weapons
 a - a +0 falchion (weapon)
Armour
 q - a +0 plate armour (worn)
Jewellery
 b - an uncursed ring of ice
Scrolls
 d - a scroll of random uselessness {unknown}
 g - 2 scrolls of enchant armour {unknown}
 j - a scroll of identify {unknown}
 k - 2 scrolls of amnesia {unknown}
 m - a scroll of fog {unknown}
 n - a scroll of blinking {unknown}
 o - a scroll of teleportation {unknown}
 p - a scroll of remove curse {unknown}
Potions
 e - 2 potions of degeneration


   Skills:
 + Level 4.3 Fighting
 + Level 3.6 Long Blades
 + Level 3.6 Dodging
 - Level 2.1 Stealth


You had 4 spell levels left.
You didn't know any spells.
Your spell library was empty.

Dungeon Overview and Level Annotations

Branches:
Dungeon (3/15)

Altars:
The Shining One

Annotations:
D:5 Grinder


Innate Abilities, Weirdness & Mutations

You thrive by killing the living.
You are immune to poison.
You have sharp fingernails.
Your flesh is cold resistant. (rC+)
You are immune to negative energy. (rN+++)
You do not regenerate when monsters are visible.
You are immune to unholy pain and torment.
You can survive without breathing.


Message History

Grinder blinks!
You hit the giant cockroach.
The giant cockroach is severely wounded.
The giant cockroach bites you but does no damage.
You barely miss the giant cockroach.
The giant cockroach is severely wounded.
The giant cockroach bites you but does no damage. x2
You hit the giant cockroach.
The giant cockroach is almost dead.
The giant cockroach bites you but does no damage.
Your plate armour prevents you from hitting the giant cockroach.
The giant cockroach is almost dead.
The giant cockroach bites you.
* * * LOW HITPOINT WARNING * * *
You hit the giant cockroach.
You kill the giant cockroach!
You closely miss Grinder.
Grinder is severely wounded.
Grinder hits you!
You die...

##.## ..# #..#
..# ##.##..###
#######..#....+
.........#5..#
#######......#
#.#....#
#####.#....#
#..@55#..$.#
#.###......# ..
#.#....# ##
#.##...# ...
...# .## .## .
. .. ##


You could see Grinder and a white imp.

Vanquished Creatures
  Natasha (D:2)
  A worker ant zombie (D:2)
  An adder (D:2)
  An adder zombie (D:2)
  A worm (D:2)
  A dart slug (D:1)
  A leopard gecko (D:1)
  3 orcs
  2 bat zombies (D:2)
  5 giant cockroaches
  5 goblins
  10 hobgoblins
  A ball python (D:1)
  6 bats
  3 frilled lizards
  2 jackal zombies (D:2)
  5 kobolds
  A quokka skeleton (D:2)
  7 rats
57 creatures vanquished.

Vanquished Creatures (others)
  3 withered plants (D:2)
3 creatures vanquished.

Grand Total: 60 creatures vanquished

Notes
Turn   | Place    | Note
-------+----------+-------------------------------------------
     0 | D:1      | Borgoz the Ghoul Monk began the quest for the Orb.
     0 | D:1      | Reached XP level 1. HP: 19/19 MP: 0/0
    79 | D:1      | Reached XP level 2. HP: 26/26 MP: 1/1
   351 | D:1      | Reached XP level 3. HP: 33/33 MP: 2/2
  1005 | D:2      | Reached skill level 4 in Fighting
  1105 | D:2      | Reached XP level 4. HP: 38/40 MP: 3/3
  1211 | D:2      | Noticed Natasha
  1221 | D:2      | Killed Natasha
  1413 | D:2      | Found a glowing golden altar of the Shining One.
  1546 | D:3      | Reached XP level 5. HP: 38/47 MP: 4/4
  1630 | D:3      | You fall into a shaft and drop 2 floors!
  1630 | D:5      | Entered Level 5 of the Dungeon
  1667 | D:5      | Noticed Grinder
  1699 | D:5      | Paralysed by Grinder for 7 turns
  1715 | D:5      | Paralysed by Grinder for 4 turns
  1728 | D:5      | Slain by Grinder

Illustrated notes

Levels and vault maps discovered:
D:1:      dpeg_arrival_houses_and_road, layout_loops_ring
D:2:      layout_rooms, nicolae_tso_carved_into_rock, serial_undead,
          serial_undead_d, serial_undead_c, serial_undead_c, serial_undead_f,
          serial_undead_a, serial_undead_b, serial_undead_f, serial_undead_f,
          uniq_natasha
D:3:      layout_basic, nzn_wu_jian_council_hall,
          nicolae_overflow_quartered_altars, gammafunk_temple_overflow_claw,
          minmay_lizard_king
D:5:      layout_basic, nzn_hepliaklqana_mist_gate,
          minmay_temple_entry_nine_rooms, hangedman_abyss_or_decor_passed,
          amcnicky_mini_pool_small, hangedman_decor_diamond_cutter,
          uniq_eustachio, uniq_menkaure, uniq_grinder

Skill      XL: |  1  2  3 |
---------------+----------+-----
Long Blades    | 3 |  3.6
Dodging        | 3 |  3.6
Fighting       | 4 |  4.3
Stealth        | |  2.1

Action                   |  1- 3 |  4- 6 || total
-------------------------+-------+-------++-------
Melee: Falchion          |    97 |   135 ||   232
  Use: Potion            |       |     8 ||     8
 Stab: Sleeping          |     2 |       ||     2
Armor: Robe              |     1 |       ||     1
       Ring mail         |    41 |     3 ||    44
       Plate armour      |       |   137 ||   137
Dodge: Dodged            |    63 |    34 ||    97
       Rpst.: Falchion   |    21 |    16 ||    37

Table legend: (Time is in decaauts)
 A = Elapsed time spent in this place.
 B = Non-inter-level travel time spent in this place.
 C = Inter-level travel time spent in this place.
 D = Time resting spent in this place.
 E = Time spent auto-exploring this place.
 F = Levels seen in this place.
 G = Mean time per level.
                   A        B        C        D        E       F      G
               +--------+--------+--------+--------+--------+-----+--------+
         Total |   1766 |   1731 |     35 |    229 |    991 |   4 |  441.5 |
       Dungeon |   1766 |   1731 |     35 |    229 |    991 |   4 |  441.5 |
               +--------+--------+--------+--------+--------+-----+--------+

Top non-repeatable levels by time:
     D:2: 844 daAuts
     D:1: 667 daAuts
     D:3: 152 daAuts
     D:5: 101 daAuts
